 Dungeon Crawl Stone Soup version 0.29.1-1-gd02db6906a (webtiles) character file.

Game seed: 14355395006410036573

8610 safid the Marksminotaur (level 11, -1/82 HPs)
             Began as a Minotaur Hunter on Oct 20, 2022.
             Was an Elder of Okawaru.
             Slain by a basilisk (7 damage)
             ... while petrified by a basilisk
             ... on level 1 of the Lair of Beasts.
             The game lasted 00:18:12 (12489 turns).

safid the Marksminotaur (Minotaur Hunter)          Turns: 12489, Time: 00:18:13

Health: -1/82      AC:  8    Str: 17    XL:     11   Next: 12%
Magic:  13/13      EV:  2    Int:  6    God:    Okawaru [****..]
Gold:   719        SH:  0    Dex: 23    Spells: 10/10 levels left

rFire   . . .      SeeInvis .   h - +0 arbalest
rCold   . . .      Faith    .   (shield currently unavailable)
rNeg    + + +      Spirit   .   L - +0 acid dragon scales
rPois   ∞          Reflect  +   (helmet restricted)
rElec   .          Harm     .   (no cloak)
rCorr   +          Rampage  .   j - +0 pair of gloves
Will    .....                   t - +0 pair of boots
Stlth   ++........              w - amulet of reflection
HPRegen 0.23/turn               H - ring of poison resistance
MPRegen 0.13/turn               y - +6 ring of dexterity

@: petrified
A: horns 2, retaliatory headbutt
a: Renounce Religion, Heroism, Finesse


You were on level 1 of the Lair of Beasts.
You worshipped Okawaru.
Okawaru was greatly pleased with you.
You visited 2 branches of the dungeon, and saw 10 of its levels.
You also visited: Ossuary.

You collected 719 gold pieces.

Inventory:

Hand Weapons
 a - a +0 shortbow
 h - a +0 arbalest (weapon)
Missiles
 x - 2 throwing nets
Armour
 j - a +0 pair of gloves (worn)
 t - a +0 pair of boots (worn)
 L - +0 acid dragon scales (worn)
Jewellery
 s - a ring of positive energy
 w - an amulet of reflection (around neck)
 y - a +6 ring of dexterity (right hand)
 H - a ring of poison resistance (left hand)
Wands
 e - a wand of acid (6)
 l - a wand of roots (4)
 n - a wand of flame (9)
 u - a wand of mindburst (19)
Scrolls
 b - a scroll of immolation
 c - 8 scrolls of teleportation
 f - a scroll of blinking
 i - 6 scrolls of fog
 p - 2 scrolls of enchant armour {unknown}
 A - 2 scrolls of enchant weapon {unknown}
 D - a scroll of poison {unknown}
 E - 3 scrolls of identify
 F - a scroll of fear {unknown}
 J - a scroll of vulnerability {unknown}
Potions
 g - 3 potions of haste
 k - a potion of brilliance {unknown}
 m - a potion of magic {unknown}
 o - 3 potions of resistance
 q - 2 potions of flight
 r - 2 potions of lignification
 v - a potion of might {unknown}
 z - a potion of degeneration {unknown}
 B - a potion of cancellation {unknown}
 C - 4 potions of mutation
 G - 2 potions of heal wounds
 I - a potion of curing
 K - a potion of berserk rage {unknown}


   Skills:
 - Level 3.0 Fighting
 - Level 18.0 Ranged Weapons
 - Level 2.1 Dodging
 - Level 0.7 Stealth
 + Level 5.0 Invocations


You had 10 spell levels left.
You didn't know any spells.
Your spell library contained the following spells:

 Spells                   Type           Power      Damage    Failure   Level
 Apportation              Tloc           0%         N/A       56%         1
 Beastly Appendage        Tmut           0%         N/A       56%         1
 Necrotise                Necr           0%         1d4       56%         1
 Static Discharge         Conj/Air       0%         3-3/arc   71%         2
 Wereblood                Tmut           0%         N/A       71%         2
 Portal Projectile        Hex/Tloc       0%         N/A       90%         3
 Spider Form              Tmut/Pois      0%         N/A       90%         3
 Leda's Liquefaction      Hex/Erth       0%         N/A       100%        4
 Lightning Bolt           Conj/Air       0%         1d11      100%        5
 Maxwell's Capacitive Co  Air            0%         ∞         100%        8
 Summon Small Mammal      Summ           Unusable   N/A       N/A         1
 Call Canine Familiar     Summ           Unusable   N/A       N/A         3

Dungeon Overview and Level Annotations

Branches:
Dungeon (9/15)             Temple (0/1) D:7            Lair (1/5) D:9
Ossuary (visited)
    Orc: D:9-12

Altars:
Ashenzari
Elyvilon
Gozag
Hepliaklqana
Kikubaaqudgha
Nemelex Xobeh
Okawaru
Ru
Sif Muna
Uskayaw
Xom
Yredelemnul

Annotations:
D:5 3 runed translucent doors, RatsInWalls's ghost, amateur HuDe


Innate Abilities, Weirdness & Mutations

You have a pair of horns on your head.
You reflexively headbutt those who attack you in melee.


Message History

You are too injured to fight recklessly!
You are too injured to fight recklessly!
You are too injured to fight recklessly!
Unknown command.
Fire: h) +0 arbalest
Press: ? - help, Q - select action, (/) - cycle Shift-Dir - straight line, f/p - basilisk
Aim: a basilisk (moderately wounded, 63% to hit)
You shoot a bolt. The bolt closely misses the basilisk.
You block the basilisk's attack.
Unknown command.
Fire: h) +0 arbalest
Press: ? - help, Q - select action, (/) - cycle Shift-Dir - straight line, f/p - basilisk
Aim: a basilisk (moderately wounded, 63% to hit)
You shoot a bolt. The bolt closely misses the basilisk.
The basilisk gazes at you.
You are slowing down.
Unknown command.
Fire: h) +0 arbalest
Press: ? - help, Q - select action, (/) - cycle Shift-Dir - straight line, f/p - basilisk
Aim: a basilisk (moderately wounded, 63% to hit)
You shoot a bolt. The bolt closely misses the basilisk.
The basilisk gazes at you.
Your limbs have turned to stone.
The basilisk gazes at you. You resist with some effort.
You have turned to stone.
The basilisk bites you!
* * * LOW HITPOINT WARNING * * *
The basilisk bites you!
* * * LOW HITPOINT WARNING * * *
The basilisk bites you but does no damage.
The basilisk bites you.
* * * LOW HITPOINT WARNING * * *
The basilisk bites you!
* * * LOW HITPOINT WARNING * * *
The basilisk bites you but does no damage. x3
The basilisk bites you!
* * * LOW HITPOINT WARNING * * *
The basilisk hisses menacingly.
The basilisk bites you!
You die...

...#..##.#
##...#
.#.....#
#P..##
.#######
##.## .#
#.## .# #..#
... ##.##
##+# #..#
##.# #@#
#...l.....#
#..........
+..........
#.........#
..........#
##.........#
###########


You could see a basilisk.

Vanquished Creatures
  2 two-headed ogres (D:9)
  Joseph (D:7)
  A black mamba (Lair:1)
  Maggie (Lair:1)
  Grinder (D:5)
  Prince Ribbit (D:8)
  Sigmund (D:3)
  A shadow (D:9)
  2 wyverns
  A basilisk (Lair:1)
  5 yaks (D:9)
  A steam dragon (D:8)
  An acid dragon (D:9)
  Edmund (D:4)
  3 wargs
  4 water moccasins
  3 orc warriors
  A black bear (D:5)
  An ice beast (D:8)
  3 wolves (Lair:1)
  2 centaurs
  Blork the orc (D:4)
  A phantom (D:6)
  A kobold brigand (D:9)
  3 necrophages
  5 bullfrogs
  A gnoll sergeant (D:8)
  A scorpion (D:6)
  11 killer bees
  3 howler monkeys (D:8)
  6 hounds
  9 orc priests
  A jelly (D:7)
  Jessica (D:3)
  Ijyb (D:4)
  Natasha (thrice) (D:3)
  4 iguanas
  7 orc wizards
  8 mummies (Ossuary)
  7 adders
  8 gnolls
  2 shadow imps (D:7)
  An ufetubus (D:6)
  A worm (D:3)
  3 dart slugs
  31 orcs
  6 endoplasms
  5 giant cockroaches
  21 goblins
  7 hobgoblins
  8 jackals
  A quokka (D:1)
  10 ball pythons
  9 bats
  2 frilled lizards
  A gnoll zombie (Ossuary)
  A hobgoblin zombie (Ossuary)
  9 kobolds
  3 kobold zombies (Ossuary)
  3 orc zombies (Ossuary)
  4 rats
247 creatures vanquished.

Vanquished Creatures (others)
  3 withered plants (D:2)
3 creatures vanquished.

Grand Total: 250 creatures vanquished

Notes
Turn   | Place    | Note
-------+----------+-------------------------------------------
     0 | D:1      | safid the Minotaur Hunter began the quest for the Orb.
     0 | D:1      | Reached XP level 1. HP: 18/18 MP: 0/0
   166 | D:1      | Reached XP level 2. HP: 26/26 MP: 1/1
   285 | D:1      | Reached skill level 5 in Ranged Weapons
   365 | D:1      | Reached XP level 3. HP: 31/31 MP: 2/2
  1180 | D:2      | Found a faded altar of an unknown god.
  1217 | D:2      | HP: 1/46 [adder (2)]
  1220 | D:2      | Reached skill level 6 in Ranged Weapons
  1220 | D:2      | Reached XP level 4. HP: 27/38 MP: 3/3
  2623 | D:3      | Noticed Jessica
  2624 | D:3      | Killed Jessica
  2654 | D:3      | Reached XP level 5. HP: 45/45 MP: 4/4
  2761 | D:3      | You fall into a shaft and drop 1 floor!
  2778 | D:4      | Reached skill level 7 in Ranged Weapons
  2888 | D:3      | Reached XP level 6. HP: 51/51 MP: 5/5
  2956 | D:3      | Noticed Natasha
  2958 | D:3      | Noticed Sigmund
  2963 | D:3      | Killed Natasha
  2964 | D:3      | Reached skill level 8 in Ranged Weapons
  2991 | D:3      | HP: 1/51 [Sigmund/magic dart (7)]
  3422 | D:3      | Killed Sigmund
  3423 | D:3      | Reached skill level 9 in Ranged Weapons
  3694 | D:3      | Noticed Natasha
  3705 | D:3      | Killed Natasha
  3706 | D:3      | Reached XP level 7. HP: 50/57 MP: 6/6
  3752 | D:3      | Noticed Natasha
  3754 | D:3      | Killed Natasha
  4031 | D:4      | Noticed Edmund
  4049 | D:4      | Killed Edmund
  4372 | D:4      | Noticed Blork the orc
  4379 | D:4      | Killed Blork the orc
  4380 | D:4      | Reached skill level 10 in Ranged Weapons
  4846 | D:4      | Noticed Ijyb
  4858 | D:4      | Killed Ijyb
  5020 | D:5      | Entered Level 5 of the Dungeon
  5057 | D:5      | Reached skill level 11 in Ranged Weapons
  5057 | D:5      | Reached XP level 8. HP: 56/63 MP: 7/7
  5206 | D:5      | Found a sand-covered staircase.
  5217 | Ossuary  | Entered an ossuary
  5644 | D:5      | Noticed Grinder
  5653 | D:5      | Killed Grinder
  5654 | D:5      | Reached skill level 12 in Ranged Weapons
  5793 | D:5      | Found a runed translucent gate.
  5793 | D:5      | Found a runed translucent gate.
  5793 | D:5      | Found a runed translucent gate.
  5794 | D:5      | Noticed RatsInWalls's ghost (amateur HuDe)
  6203 | D:6      | Reached skill level 13 in Ranged Weapons
  6400 | D:6      | Found a sacrificial altar of Ru.
  6401 | D:6      | Found a shimmering blue altar of Sif Muna.
  6402 | D:6      | Found an ancient bone altar of Kikubaaqudgha.
  6402 | D:6      | Found an iron altar of Okawaru.
  6486 | D:6      | Became a worshipper of Warmaster Okawaru
  6526 | D:6      | Identified the +2 flail of the Reasonable God {pain, rF+}
  6710 | D:7      | Reached XP level 9. HP: 56/69 MP: 8/8
  7007 | D:7      | Noticed Joseph
  7020 | D:7      | Killed Joseph
  7021 | D:7      | Reached skill level 14 in Ranged Weapons
  7114 | D:7      | Found a staircase to the Ecumenical Temple.
  7238 | D:7      | Reached * piety under Okawaru
  8015 | D:8      | Reached skill level 15 in Ranged Weapons
  8052 | D:8      | Noticed Prince Ribbit
  8058 | D:8      | Killed Prince Ribbit
  8111 | D:8      | Found a shimmering altar of Xom.
  8112 | D:8      | Found a basalt altar of Yredelemnul.
  8112 | D:8      | Found a white marble altar of Elyvilon.
  8438 | D:8      | Reached ** piety under Okawaru
  8764 | D:8      | Found an opulent altar of Gozag.
  8775 | D:8      | Reached XP level 10. HP: 77/77 MP: 9/9
  8817 | D:8      | Reached skill level 16 in Ranged Weapons
  8878 | D:8      | Found a sparkling altar of Nemelex Xobeh.
  8879 | D:8      | Found a hazy altar of Hepliaklqana.
  8879 | D:8      | Found a broken altar of Ashenzari.
  9023 | D:8      | Found a hide-covered altar of Uskayaw.
  9082 | D:9      | Found a staircase to the Lair.
  9513 | D:9      | Noticed a two-headed ogre
 10364 | D:9      | Noticed a two-headed ogre
 10412 | D:9      | Killed a two-headed ogre
 10412 | D:9      | Reached *** piety under Okawaru
 10413 | D:9      | Reached skill level 17 in Ranged Weapons
 10558 | D:9      | Killed a two-headed ogre
 10821 | D:9      | Reached **** piety under Okawaru
 11408 | Lair:1   | Entered Level 1 of the Lair of Beasts
 11422 | Lair:1   | Reached XP level 11. HP: 16/82 MP: 13/13
 12164 | Lair:1   | Noticed Maggie
 12182 | Lair:1   | Killed Maggie
 12183 | Lair:1   | Reached skill level 18 in Ranged Weapons
 12400 | Lair:1   | Reached skill level 5 in Invocations
 12489 | Lair:1   | Slain by a basilisk

Illustrated notes

Levels and vault maps discovered:
D:1:      dpeg_arrival_prison, layout_loops_ring, minivault_5,
          columned_hall_lemuel, chequers_jeans, st_stairs_11
D:2:      layout_loops_corners, ebering_ecumenical_altar_petrified,
          serial_co_window_serial, co_window_of_opportunity_a,
          co_window_paths_b, co_window_cross_1, co_window_of_opportunity_a,
          co_window_corner_a, co_window_broadway_c, co_window_broadway_c,
          co_window_corner_b, co_window_2corner, co_window_paths_c,
          co_window_broadway_b, co_window_4corner_b, co_window_paths_e,
          glass_columns_c, minmay_stone_trees_small, minmay_distorted
D:3:      layout_basic, uniq_jessica, uniq_natasha, uniq_sigmund
D:4:      kennysheep_goblin_castle, layout_basic, uniq_edmund,
          uniq_blork_the_orc
D:5:      layout_cave_pools, gammafunk_ghost_necromancy, enter_ossuary_3,
          kennysheep_generic_room_14, uniq_grinder
D:6:      layout_cave_pools, mainiacjoe_overflow_alcove_3
D:7:      layout_basic, uniq_joseph
D:8:      layout_rooms, grunt_temple_overflow_open, uniq_prince_ribbit1
D:9:      layout_irregular_city, erik_lair_orcish_takeover,
          hangedman_abyss_or_decor_passed, chequers_serial_rivers_micro_a
Lair:1:   layout_roguey, uniq_maggie

Skill      XL: |  1  2  3  4  5  6  7  8  9 10 11 |
---------------+----------------------------------+-----
Fighting       | 3 |  3.0
Ranged Weapons | 5 6 7 9 11 13 15 17 18 | 18.0
Invocations    | 4 5 |  5.0
Dodging        | |  2.1
Stealth        | |  0.7

Action                   |  1- 3 |  4- 6 |  7- 9 | 10-12 || total
-------------------------+-------+-------+-------+-------++-------
 Fire: Shortbow          |    95 |   134 |   312 |       ||   541
       Arbalest          |       |       |   105 |   187 ||   292
Invok: Finesse           |       |       |       |     1 ||     1
  Use: Potion            |     2 |       |     7 |     1 ||    10
       Scroll            |       |       |     9 |     1 ||    10
Armor: Ring mail         |    13 |    27 |    62 |    35 ||   137
       Skin              |    13 |     1 |       |       ||    14
       Acid dragon scale |       |       |       |     7 ||     7
Dodge: Dodged            |    28 |    30 |   131 |    85 ||   274
Block: Other             |       |       |    45 |    47 ||    92
       Reflection        |       |       |     2 |     1 ||     3
